 Dungeon Crawl Stone Soup version 0.19.1-1-g22dce08 (webtiles) character file.

87 theAP the Ducker (level 4, 0/35 HPs)
             Began as a Merfolk Monk on Jan 15, 2017.
             Was a Believer of Uskayaw.
             Slain by an ogre
             ... wielding a +0 giant spiked club
              (35 damage)
             ... on level 4 of the Dungeon.
             The game lasted 00:05:26 (2519 turns).

theAP the Ducker (Merfolk Monk)                     Turns: 2519, Time: 00:05:27

Health: 0/35       AC:  5    Str: 10 (12) XL:     4   Next: 51%
Magic:  13/13      EV: 12    Int:  6 (9)  God:    Uskayaw [**....]
Gold:   141        SH:  0    Dex: 14 (16) Spells: 0 memorised, 3 levels left

rFire  . . .     SeeInvis .     i - +0 long sword
rCold  . . .     Gourm    +     l - +0 ring mail
rNeg   . . .     Faith    .     (no shield)
rPois  .         Spirit   .     (no helmet)
rElec  .         Reflect  .     (no cloak)
rCorr  .         Harm     .     (no gloves)
MR     .....                    (no boots)
Stlth  +.........               m - amulet of the gourmand
                                (no ring)
                                f - ring of magical power

@: no status effects
A: change form in water, swift swim, stealthy swim
a: Stomp, Line Pass, Renounce Religion


You were on level 4 of the Dungeon.
You worshipped Uskayaw.
Uskayaw was noncommittal.
You were not hungry.

You visited 1 branch of the dungeon, and saw 4 of its levels.

You collected 141 gold pieces.

Inventory:

Hand Weapons
 a - a +0 falchion
 i - a +0 long sword (weapon)
Armour
 b - a +0 robe
 k - a +0 scale mail
 l - a +0 ring mail (worn)
Jewellery
 f - a ring of magical power (left hand)
 m - an amulet of the gourmand (around neck)
Scrolls
 e - 4 scrolls of identify {unknown}
 g - 2 scrolls of fog {unknown}
 h - 3 scrolls of remove curse {unknown}
 n - 2 scrolls of teleportation {unknown}
 p - a scroll of noise {unknown}
 s - a scroll of random uselessness {unknown}
Potions
 j - a potion of heal wounds {unknown}
 r - a potion of curing
Comestibles
 c - 3 bread rations
 d - 2 meat rations
 o - 7 fruits
 q - a royal jelly


   Skills:
 + Level 3.3 Fighting
 * Level 4.7 Long Blades
 + Level 5.2 Dodging
 - Level 2.1 Stealth
 + Level 0.7 Invocations


You had 3 spell levels left.
You didn't know any spells.

Dungeon Overview and Level Annotations

Branches:
Dungeon (4/15)
 Temple: D:4-7

Altars:
Nemelex Xobeh
Qazlal
Ru
Trog
Uskayaw
Vehumet
Zin


Message History

You can't go down here!
There is a stone staircase leading down here.
You climb downwards.
An ogre comes into view. It is wielding a giant spiked club.
Found a beef jerky.
There is a stone staircase leading up here.
You barely miss the ogre. The ogre closely misses you.
You riposte.
You hit the ogre.
The ogre is lightly wounded.
You slash the ogre!
The ogre is moderately wounded.
The ogre closely misses you.
You can now pass through a line of other dancers.
You barely miss the ogre.
The ogre is moderately wounded.
You barely miss the ogre.
The ogre is moderately wounded.
The ogre hits you with a giant spiked club!!
Ouch! That really hurt!
You die...

.... .... .
#..## .##
....#.... .##
##...#..# ....
.......##
###..##O.......
.......@.......
.......<.....##
###.%##.#.####
## #####


You could see an ogre.

Vanquished Creatures
  3 adders
  An ooze (D:3)
  2 dart slugs (D:2)
  2 leopard geckos
  2 orcs (D:3)
  5 bats
  3 giant cockroaches (D:2)
  A hobgoblin (D:3)
  7 kobolds
  3 quokkas (D:3)
  2 ball pythons
  A frilled lizard (D:1)
  6 goblins
  12 rats
50 creatures vanquished.

Notes
Turn   | Place    | Note
-------+----------+-------------------------------------------
     0 | D:1      | theAP the Merfolk Monk began the quest for the Orb.
     0 | D:1      | Reached XP level 1. HP: 18/18 MP: 1/1
   219 | D:1      | Reached XP level 2. HP: 24/24 MP: 2/2
   722 | D:2      | Reached XP level 3. HP: 25/29 MP: 3/3
   836 | D:2      | Found a sacrificial altar of Ru.
  1078 | D:2      | Found a radiant altar of Vehumet.
  1196 | D:2      | HP: 1/29 [poisoned by a kobold]
  1198 | D:2      | Reached skill level 5 in Dodging
  1449 | D:2      | Found a faded altar of an unknown god.
  1694 | D:3      | Reached XP level 4. HP: 31/35 MP: 4/4
  1735 | D:3      | Found a hide-covered altar of Uskayaw.
  1874 | D:3      | Became a worshipper of Uskayaw the Reveler
  1874 | D:3      | Reached * piety under Uskayaw
  2065 | D:3      | Found a bloodstained altar of Trog.
  2139 | D:3      | Noticed an angel
  2140 | D:3      | Found a glowing silver altar of Zin.
  2203 | D:3      | Found a sparkling altar of Nemelex Xobeh.
  2317 | D:3      | Found a stormy altar of Qazlal.
  2514 | D:4      | Noticed an ogre
  2517 | D:4      | Reached ** piety under Uskayaw
  2519 | D:4      | Slain by an ogre

Skill      XL: |  1  2  3 |
---------------+----------+-----
Long Blades    | 4 |  4.7
Dodging        | 5 |  5.2
Fighting       | |  3.3
Stealth        | |  2.1
Invocations    | |  0.7

Action                   |  1- 3 |  4- 6 || total
-------------------------+-------+-------++-------
Melee: Falchion          |    99 |    12 ||   111
       Long sword        |       |    26 ||    26
  Use: Potion            |     3 |       ||     3
 Stab: Sleeping          |     6 |       ||     6
       Distracted        |     1 |       ||     1
  Eat: Chunk             |     5 |     7 ||    12
Armor: Robe              |     8 |       ||     8
       Scale mail        |    10 |       ||    10
       Ring mail         |    12 |    12 ||    24
Dodge: Dodged            |    60 |    27 ||    87
       Rpst.: Falchion   |    20 |     3 ||    23
       Long sword        |       |     7 ||     7
